[ AOE2 MATCH · #493305909 ]
UnrankedVietnamese vs Magyars
Player's team · LOSS
Rival team · WIN
[ REPLAY ANALYSIS · EXTRACTED FROM THE RECORDED GAME ]
Feudal
8:52
Castle
22:48
Imperial
—
| APM avg | 96.2 |
| APM peak | 176 |
| eAPM avg | 31.3 |
| Villagers / military | 137 / 103 |
Focus
⚔️ 50.1% · 🌾 49.9%
Cavalry Archer ×81 · Skirmisher ×12 · Scout Cavalry ×6 · Monk ×2 · Spearman ×2
Feudal
8:50
Castle
24:46
Imperial
—
| APM avg | 64.1 |
| APM peak | 93 |
| eAPM avg | 19.9 |
| Villagers / military | 88 / 86 |
Focus
⚔️ 31.1% · 🌾 68.9%
Cavalry Archer ×50 · Archer ×17 · Scout Cavalry ×8 · Spearman ×7 · Knight ×4
Match map
Initial resources + every placement click. Lines = walls · curves = elevation contours. ◆ gold · ⬟ stone · ● berries · ✦ relic · ◌ wall gap
Your base· ✓ Closed at 22:48 · 39t walls · 1 gate(s)
Tenochtitlán's base· Open — opponent sealed themselves in
Smoothed initial terrain · ◌ = detected wall gap · hover for details
Inputs per minute
— DS_Uruguayo - - Tenochtitlán
Build order — DS_Uruguayo
First 150 of 348 actions detected
| 0:00 | Create | Villager (Male) |
| 0:00 | Create | Villager (Male) |
| 0:01 | Build | House |
| 0:02 | Build | House |
| 0:08 | Create | Villager (Male) |
| 0:08 | Create | Villager (Male) |
| 1:28 | Create | Villager (Male) |
| 1:29 | Create | Villager (Male) |
| 1:41 | Create | Villager (Male) |
| 1:45 | Build | Lumber Camp |
| 2:14 | Create | Villager (Male) |
| 2:55 | Create | Villager (Male) |
| 2:56 | Create | Villager (Male) |
| 3:13 | Create | Villager (Male) |
| 3:41 | Create | Villager (Male) |
| 3:42 | Create | Villager (Male) |
| 3:47 | Build | House |
| 4:06 | Create | Villager (Male) |
| 4:06 | Create | Villager (Male) |
| 4:21 | Build | Mill |
| 4:36 | Create | Villager (Male) |
| 4:49 | Build | Palisade Wall |
| 5:05 | Create | Villager (Male) |
| 5:23 | Research | Loom |
| 5:26 | Create | Villager (Male) |
| 5:44 | Create | Villager (Male) |
| 5:44 | Create | Villager (Male) |
| 6:13 | Research | Loom |
| 6:42 | Research | Feudal Age |
| 6:42 | Research | Feudal Age |
| 7:34 | Create | Villager (Male) |
| 7:54 | Build | Barracks |
| 7:56 | Build | House |
| 8:11 | Create | Villager (Male) |
| 8:34 | Create | Villager (Male) |
| 8:52 | Age | Feudal Age |
| 8:54 | Build | Stable |
| 9:09 | Create | Villager (Male) |
| 9:09 | Create | Villager (Male) |
| 9:19 | Build | Palisade Wall |
| 9:19 | Build | Palisade Wall |
| 9:20 | Build | Palisade Wall |
| 9:21 | Build | Palisade Wall |
| 9:25 | Create | Villager (Male) |
| 9:47 | Create | Scout Cavalry |
| 9:47 | Create | Scout Cavalry |
| 9:58 | Create | Scout Cavalry |
| 10:16 | Build | House |
| 10:18 | Research | Double-Bit Axe |
| 10:21 | Research | Horse Collar |
| 10:29 | Build | Farm |
| 10:30 | Build | Farm |
| 10:33 | Build | Farm |
| 10:36 | Research | Town Watch |
| 10:39 | Build | Farm |
| 10:45 | Build | House |
| 11:00 | Build | Mill |
| 11:01 | Create | Villager (Male) |
| 11:18 | Create | Villager (Male) |
| 11:34 | Build | Archery Range |
| 11:36 | Build | Palisade Wall |
| 11:41 | Build | Palisade Wall |
| 11:42 | Build | Palisade Wall |
| 11:43 | Build | Palisade Wall |
| 11:46 | Create | Scout Cavalry |
| 11:53 | Create | Villager (Male) |
| 11:56 | Build | Farm |
| 12:35 | Create | Villager (Male) |
| 12:36 | Create | Scout Cavalry |
| 12:37 | Create | Skirmisher |
| 12:40 | Build | Farm |
| 13:17 | Create | Villager (Male) |
| 13:25 | Create | Skirmisher |
| 13:33 | Build | House |
| 13:34 | Build | Palisade Wall |
| 13:36 | Create | Villager (Male) |
| 13:38 | Build | Farm |
| 13:38 | Build | Farm |
| 13:40 | Build | Farm |
| 13:43 | Build | Farm |
| 13:44 | Build | Farm |
| 13:53 | Build | House |
| 13:57 | Create | Villager (Male) |
| 14:09 | Create | Skirmisher |
| 14:15 | Build | House |
| 14:18 | Build | Palisade Wall |
| 14:29 | Create | Skirmisher |
| 14:29 | Create | Villager (Male) |
| 14:34 | Build | Farm |
| 14:37 | Build | Farm |
| 14:40 | Create | Skirmisher |
| 14:48 | Create | Skirmisher |
| 14:49 | Create | Villager (Male) |
| 14:56 | Build | House |
| 14:57 | Build | House |
| 15:03 | Create | Skirmisher |
| 15:29 | Create | Skirmisher |
| 15:29 | Create | Villager (Male) |
| 15:30 | Create | Villager (Male) |
| 16:01 | Build | House |
| 16:02 | Build | Palisade Wall |
| 16:06 | Build | Farm |
| 16:06 | Build | Farm |
| 16:07 | Build | Farm |
| 16:14 | Build | Farm |
| 16:17 | Build | Farm |
| 16:22 | Create | Villager (Male) |
| 16:22 | Create | Villager (Male) |
| 16:26 | Build | Palisade Wall |
| 16:30 | Create | Skirmisher |
| 16:31 | Create | Villager (Male) |
| 17:34 | Create | Villager (Male) |
| 17:35 | Create | Skirmisher |
| 17:40 | Build | Blacksmith |
| 17:42 | Build | House |
| 17:48 | Create | Villager (Male) |
| 17:58 | Build | Farm |
| 18:02 | Build | Farm |
| 18:06 | Create | Skirmisher |
| 18:07 | Create | Villager (Male) |
| 18:19 | Create | Villager (Male) |
| 18:30 | Build | Mining Camp |
| 19:08 | Create | Villager (Male) |
| 19:09 | Create | Skirmisher |
| 19:18 | Build | House |
| 19:19 | Build | House |
| 19:31 | Build | House |
| 19:32 | Build | House |
| 19:33 | Build | House |
| 19:36 | Create | Spearman |
| 19:43 | Create | Villager (Male) |
| 19:55 | Create | Scout Cavalry |
| 20:02 | Research | Castle Age |
| 20:02 | Research | Castle Age |
| 20:21 | Build | House |
| 20:33 | Create | Villager (Male) |
| 20:39 | Build | Palisade Gate |
| 20:42 | Build | Palisade Wall |
| 20:45 | Create | Villager (Male) |
| 21:01 | Research | Fletching |
| 21:02 | Research | Padded Archer Armor |
| 21:07 | Build | Archery Range |
| 21:37 | Build | Palisade Wall |
| 21:38 | Build | Palisade Wall |
| 21:39 | Build | Palisade Wall |
| 21:44 | Create | Spearman |
| 22:12 | Create | Villager (Male) |
| 22:25 | Build | Palisade Wall |
| 22:26 | Build | Palisade Wall |
| 22:48 | Age | Castle Age |
Build order — Tenochtitlán
First 150 of 282 actions detected
| 0:00 | Create | Villager (Male) |
| 0:01 | Create | Villager (Male) |
| 0:02 | Build | House |
| 0:03 | Build | House |
| 0:31 | Create | Villager (Male) |
| 0:52 | Create | Villager (Male) |
| 1:31 | Create | Villager (Male) |
| 1:57 | Create | Villager (Male) |
| 2:20 | Create | Villager (Male) |
| 2:23 | Build | Lumber Camp |
| 2:49 | Create | Villager (Male) |
| 2:49 | Create | Villager (Male) |
| 3:11 | Create | Villager (Male) |
| 3:29 | Create | Villager (Male) |
| 3:34 | Build | House |
| 3:45 | Create | Villager (Male) |
| 4:24 | Create | Villager (Male) |
| 4:57 | Create | Villager (Male) |
| 4:59 | Build | Mining Camp |
| 5:25 | Create | Villager (Male) |
| 5:27 | Create | Villager (Male) |
| 5:29 | Research | Loom |
| 6:15 | Build | Palisade Wall |
| 6:31 | Research | Feudal Age |
| 6:31 | Research | Feudal Age |
| 7:25 | Build | Barracks |
| 8:17 | Build | House |
| 8:48 | Build | Mill |
| 8:50 | Age | Feudal Age |
| 9:05 | Build | Archery Range |
| 9:30 | Create | Villager (Male) |
| 9:35 | Create | Spearman |
| 9:52 | Create | Villager (Male) |
| 9:53 | Create | Archer |
| 9:55 | Create | Villager (Male) |
| 10:06 | Create | Spearman |
| 10:08 | Create | Archer |
| 10:10 | Build | House |
| 10:11 | Create | Villager (Male) |
| 10:16 | Build | Mill |
| 10:36 | Build | House |
| 10:55 | Create | Spearman |
| 11:01 | Create | Archer |
| 11:08 | Create | Villager (Male) |
| 11:14 | Build | House |
| 11:22 | Create | Spearman |
| 11:39 | Create | Spearman |
| 11:46 | Create | Villager (Male) |
| 11:51 | Create | Archer |
| 11:58 | Build | House |
| 12:16 | Create | Villager (Male) |
| 12:17 | Create | Archer |
| 12:19 | Build | Farm |
| 13:10 | Create | Villager (Male) |
| 13:16 | Create | Archer |
| 13:21 | Create | Archer |
| 13:22 | Create | Villager (Male) |
| 13:26 | Research | Horse Collar |
| 13:31 | Create | Spearman |
| 13:37 | Build | Farm |
| 13:38 | Build | Farm |
| 13:39 | Build | Farm |
| 13:45 | Build | Blacksmith |
| 13:49 | Create | Archer |
| 13:52 | Create | Villager (Male) |
| 13:57 | Create | Spearman |
| 14:18 | Build | Farm |
| 14:39 | Create | Villager (Male) |
| 14:45 | Build | House |
| 14:58 | Build | Farm |
| 15:04 | Research | Fletching |
| 15:04 | Research | Fletching |
| 15:08 | Create | Villager (Male) |
| 15:10 | Build | House |
| 15:15 | Build | Farm |
| 15:30 | Create | Villager (Male) |
| 15:36 | Build | Stable |
| 15:57 | Create | Archer |
| 15:58 | Create | Villager (Male) |
| 16:09 | Create | Villager (Male) |
| 16:13 | Build | Farm |
| 16:19 | Create | Scout Cavalry |
| 16:20 | Create | Scout Cavalry |
| 16:23 | Build | House |
| 16:28 | Build | Farm |
| 16:42 | Create | Scout Cavalry |
| 16:44 | Create | Villager (Male) |
| 16:48 | Build | Farm |
| 17:26 | Create | Scout Cavalry |
| 17:40 | Create | Scout Cavalry |
| 17:43 | Build | Farm |
| 17:44 | Build | Farm |
| 17:45 | Build | Farm |
| 17:48 | Create | Scout Cavalry |
| 17:50 | Create | Archer |
| 17:51 | Create | Villager (Male) |
| 17:55 | Build | House |
| 18:03 | Build | Farm |
| 18:18 | Create | Archer |
| 18:19 | Create | Villager (Male) |
| 18:54 | Create | Scout Cavalry |
| 19:09 | Create | Villager (Male) |
| 19:09 | Create | Archer |
| 19:12 | Build | Farm |
| 19:15 | Build | House |
| 19:18 | Create | Scout Cavalry |
| 19:20 | Create | Archer |
| 19:21 | Create | Villager (Male) |
| 19:25 | Research | Scale Barding Armor |
| 19:25 | Research | Scale Barding Armor |
| 19:32 | Build | House |
| 19:35 | Build | Farm |
| 19:41 | Create | Villager (Male) |
| 19:55 | Build | House |
| 20:02 | Create | Villager (Male) |
| 20:05 | Build | Farm |
| 20:18 | Build | House |
| 20:20 | Build | Farm |
| 20:29 | Create | Archer |
| 20:38 | Build | Farm |
| 20:39 | Create | Villager (Male) |
| 20:45 | Build | House |
| 21:09 | Create | Villager (Male) |
| 21:11 | Create | Archer |
| 21:37 | Create | Villager (Male) |
| 21:38 | Create | Archer |
| 22:06 | Research | Castle Age |
| 22:06 | Research | Castle Age |
| 22:26 | Create | Archer |
| 22:29 | Build | House |
| 22:37 | Research | Bloodlines |
| 22:57 | Build | Mining Camp |
| 23:12 | Build | House |
| 23:25 | Build | Lumber Camp |
| 23:31 | Build | Lumber Camp |
| 24:02 | Build | Palisade Wall |
| 24:17 | Build | Archery Range |
| 24:25 | Research | Padded Archer Armor |
| 24:27 | Research | Gold Mining |
| 24:46 | Age | Castle Age |
| 24:51 | Create | Villager (Male) |
| 24:51 | Create | Villager (Male) |
| 24:53 | Research | Bodkin Arrow |
| 24:55 | Create | Knight |
| 24:55 | Create | Cavalry Archer |
| 24:56 | Create | Cavalry Archer |
| 25:11 | Research | Wheelbarrow |
| 25:12 | Research | Double-Bit Axe |
| 25:15 | Create | Cavalry Archer |
| 25:24 | Build | House |
Match timeline
| 4:49 | DS_Uruguayo · wall_segment Palisade Wall x1 |
| 6:15 | Tenochtitlán · wall_segment Palisade Wall x1 |
| 7:25 | Tenochtitlán · first_building Barracks |
| 7:54 | DS_Uruguayo · first_building Barracks |
| 8:50 | Tenochtitlán · age_up feudal |
| 8:52 | DS_Uruguayo · age_up feudal |
| 8:54 | DS_Uruguayo · first_building Stable |
| 9:05 | Tenochtitlán · first_building Archery Range |
| 9:19 | DS_Uruguayo · wall_segment Palisade Wall x2 |
| 9:19 | DS_Uruguayo · wall_segment Palisade Wall x1 |
| 9:20 | DS_Uruguayo · wall_segment Palisade Wall x1 |
| 9:21 | DS_Uruguayo · wall_segment Palisade Wall x1 |
| 11:34 | DS_Uruguayo · first_building Archery Range |
| 11:36 | DS_Uruguayo · wall_segment Palisade Wall x1 |
| 11:41 | DS_Uruguayo · wall_segment Palisade Wall x1 |
| 11:42 | DS_Uruguayo · wall_segment Palisade Wall x1 |
| 11:43 | DS_Uruguayo · wall_segment Palisade Wall x1 |
| 13:34 | DS_Uruguayo · wall_segment Palisade Wall x5 |
| 14:18 | DS_Uruguayo · wall_segment Palisade Wall x5 |
| 15:36 | Tenochtitlán · first_building Stable |
| 16:02 | DS_Uruguayo · wall_segment Palisade Wall x9 |
| 16:26 | DS_Uruguayo · wall_segment Palisade Wall x4 |
| 20:42 | DS_Uruguayo · wall_segment Palisade Wall x1 |
| 21:37 | DS_Uruguayo · wall_segment Palisade Wall x1 |
| 21:38 | DS_Uruguayo · wall_segment Palisade Wall x1 |
| 21:39 | DS_Uruguayo · wall_segment Palisade Wall x1 |
| 22:25 | DS_Uruguayo · wall_segment Palisade Wall x1 |
| 22:26 | DS_Uruguayo · wall_segment Palisade Wall x1 |
| 22:48 | DS_Uruguayo · age_up castle |
| 24:02 | Tenochtitlán · wall_segment Palisade Wall x10 |
| 24:46 | Tenochtitlán · age_up castle |
| 28:05 | DS_Uruguayo · wall_segment Palisade Wall x1 |
| 29:22 | DS_Uruguayo · first_building Monastery |
| 37:21 | DS_Uruguayo · resign |
[ AI ANALYSIS · 1 CREDIT ]
What really happened in this match?
Wolo.gg analyzes every decision: build order, eco, micro, common mistakes by bracket. Personalized analysis on WhatsApp or Discord in 30 seconds.
Civ guide
Vietnamese
Perfil
DS_Santi